 Dungeon Crawl Stone Soup version 0.18-a0-1677-g2bdad6c (webtiles) character file.

47 4thArraOfDagon the Bolt Thrower (level 3, -2/32 HPs)
             Began as a Naga Hunter on Apr 2, 2016.
             Slain by a worker ant (6 damage)
             ... on level 4 of the Dungeon.
             The game lasted 00:02:26 (335 turns).

4thArraOfDagon the Bolt Thrower (Naga Hunter)        Turns: 335, Time: 00:02:27

Health: -2/32      AC:  2    Str: 14    XL:     3   Next: 70%
Magic:  3/3        EV:  9    Int: 11    God:
Gold:   22         SH:  0    Dex: 12    Spells: 0 memorised, 2 levels left

rFire  . . .     SeeInvis +     g - +1 short sword (venom)
rCold  . . .     Gourm    .     c - +0 leather armour
rNeg   . . .     Faith    .     (no shield)
rPois  +         Spirit   .     (no helmet)
rElec  .         Dismiss  .     (no cloak)
rCorr  .         Reflect  .     (no gloves)
SustAt .         Harm     .     (no barding)
MR     .....                    (no amulet)
Stlth  ++........               (no ring)
                                (no ring)

@: short of breath, very slow, not resistant to hostile enchantments, unstealthy
A: see invisible, deformed body, poison resistance, slowness 2, slow metabolism
1, spit poison 2, AC +1
a: Spit Poison


You were on level 4 of the Dungeon.
You were not hungry.

You visited 1 branch of the dungeon, and saw 4 of its levels.

You collected 22 gold pieces.

Inventory:

Hand Weapons
 a - a +1 hand crossbow
 b - a +0 short sword
 g - a +1 short sword of venom (weapon)
 i - a cursed -3 glaive
Missiles
 d - 18 bolts
Armour
 c - a +0 leather armour (worn)
Scrolls
 e - 2 scrolls of identify
Comestibles
 f - 3 bread rations


   Skills:
 - Level 2.0 Fighting
 * Level 1.9 Short Blades
 - Level 4.3 Crossbows
 - Level 1.5 Dodging
 - Level 1.5 Stealth


You had 2 spell levels left.
You didn't know any spells.

Dungeon Overview and Level Annotations

Branches:
Dungeon (4/15)
 Temple: D:4-7

Altars:
Makhleb


Innate Abilities, Weirdness & Mutations

You cannot wear boots.
Your serpentine skin is tough (AC +1).
You have supernaturally acute eyesight.
Armour fits poorly on your strangely shaped body.
Your system is resistant to poisons.
You cover ground very slowly.
You have a slow metabolism.
You can spit poison.


Message History

As you read the scroll labeled ULESSO IRARA, it crumbles to dust.
It is a scroll of identify.
Identify which item? (\ to view known items) (? for menu, Esc to quit)
i - a cursed -3 glaive You feel sick.
You are no longer poisoned.
The giant cockroach barely misses you.
Unknown command.
Press: ? - help, Shift-Dir - straight line, f - worker ant
Aim: a worker ant The splash of poison hits the giant cockroach.
The giant cockroach is poisoned.
You kill the giant cockroach!
You feel slightly more hungry.
You closely miss the worker ant. The worker ant bites you.
* * * LOW HITPOINT WARNING * * *
Unknown command.
You hit the worker ant but do no damage.
The worker ant is poisoned.
The worker ant bites you.
You die...

........... #.. .
........ #..##
.....< .. #....
#...# #.# #...
#a..# #.# #...
#...# ##.####†#
#...# #........
###.[(# ##.##....
#@a...# #.......
###...# #.......
#########.......
#..........
...#####.##.......
.......<..........
.#######.#........
#.....#####
###.###


You could see a worker ant.

Vanquished Creatures
  A worker ant (D:4)
  A dart slug (D:2)
  A giant gecko (D:3)
  A bat (D:2)
  3 giant cockroaches
  A goblin (D:2)
  3 jackals (D:1)
  3 kobolds
  A giant newt (D:2)
  3 rats
18 creatures vanquished.

Notes
Turn   | Place    | Note
--------------------------------------------------------------
     0 | D:1      | 4thArraOfDagon the Naga Hunter began the quest for the Orb.
     0 | D:1      | Reached XP level 1. HP: 19/19 MP: 1/1
     0 | D:1      | jacquesderrida: d
     0 | D:1      | jacquesderrida: d
     0 | D:1      | jacquesderrida: yes,,,
     0 | D:1      | 4thArraOfDagon: im dieing
     0 | D:1      | 4thArraOfDagon: :(
     0 | D:1      | jacquesderrida: nais...
     1 | D:1      | jacquesderrida: crassbaw
    34 | D:1      | Reached skill level 4 in Crossbows
    34 | D:1      | Reached XP level 2. HP: 13/26 MP: 2/2
   135 | D:2      | jacquesderrida: daaaaaaaaang
   139 | D:2      | jacquesderrida: laky....
   170 | D:2      | jacquesderrida: laky degeen
   322 | D:4      | Found a burning altar of Makhleb.
   323 | D:4      | Reached skill level 1 in Short Blades
   323 | D:4      | Reached XP level 3. HP: 8/32 MP: 3/3
   331 | D:4      | jacquesderrida: deng
   332 | D:4      | jacquesderrida: bed
   335 | D:4      | Slain by a worker ant

Vault maps used:
D:1:      dpeg_arrival_arbitrary_b, corexii_hall_statues_i
D:2:      nicolae_overflow_hidden_temple, first_bread, kennysheep_another_room,
          minmay_misc_feat_tiny
D:3:      cheibriados_altar_1, uniq_jessica
D:4:      minmay_temple_entry_mist, grunt_ministairs_12,
          hangedman_abyss_or_decor_lesser_grid, corexii_checkpoint_a,
          bloody_makhleb, uniq_duvessa

Skill      XL: |  1  2 |
---------------+-------+-----
Crossbows      | 4 |  4.3
Short Blades   | 1 |  1.9
Fighting       | |  2.0
Dodging        | |  1.5
Stealth        | |  1.5

Action                   || total
-------------------------++-------
Melee: Short sword       ||    25
 Fire: Hand crossbow     ||    11
 Abil: Spit Poison       ||    13
  Use: Potion            ||     1
       Scroll            ||     2
